 Seeded DCSS version 0.28-a0-750-g7c675f85b1 (webtiles) character file.

Game seed: 15155787604534750450 (custom seed)

2 Hypnoxylon the Vexing (level 1, 15/15 HPs)
             Began as a Barachi Arcane Marksman on Oct 30, 2021.
             Quit the game on level 1 of the Dungeon.
             The game lasted 00:01:47 (290 turns).

Hypnoxylon the Vexing (Barachi Arcane Marksman)      Turns: 290, Time: 00:01:47

Health: 15/15      AC:  3    Str: 11    XL:     1   Next: 30%
Magic:  2/2        EV: 11    Int: 13    God:
Gold:   32         SH:  0    Dex: 12    Spells: 1/2 levels left

rFire   . . .      SeeInvis .   (no weapon)
rCold   . . .      Faith    .   (no shield)
rNeg    . . .      Spirit   .   e - +0 leather armour
rPois   .          Reflect  .   (no helmet)
rElec   .          Harm     .   (no cloak)
rCorr   .          Rampage  .   (no gloves)
Will    .....                   (no boots)
Stlth   +.........              (no amulet)
HPRegen 0.05/turn               (no ring)
MPRegen 0.08/turn               (no ring)

@: slow
A: amphibious, slowness 1, strong legs 1, +LOS
a: Hop


You were on level 1 of the Dungeon.
You visited 1 branch of the dungeon, and saw 1 of its levels.

You collected 32 gold pieces.


Innate Abilities, Weirdness & Mutations

You are amphibious.
You cover ground slowly.
You can hop short distances.
You have an extended range of vision and can be seen from far away.


   Skills:
 - Level 1.2 Fighting
 + Level 2.0 Crossbows
 - Level 2.1 Dodging
 + Level 0.2 Stealth
 - Level 1.1 Spellcasting
 + Level 3.3 Hexes
 + Level 0.0 Translocations


You had one spell level left.
You knew the following spells:

 Your Spells              Type           Power      Damage    Failure   Level
a - Slow                  Hex            36%        N/A       10%         1

Your spell library contained the following spells:

 Spells                   Type           Power      Damage    Failure   Level
 Inner Flame              Hex/Fire       5%         N/A       50%         3
 Portal Projectile        Hex/Tloc       10%        N/A       50%         3
 Cause Fear               Hex            4%         N/A       67%         4

Inventory:

Hand Weapons
 a - a +0 hand crossbow
Missiles
 c - 20 bolts
 o - 3 datura-tipped darts {!Q}
Armour
 d - a +0 robe
 e - a +0 leather armour (worn)
Scrolls
 b - a scroll of identify {unknown}


Message History

The quokka is heavily wounded.
The quokka barely misses you.
You hit the quokka but do no damage.
The quokka is heavily wounded.
The quokka misses you.
You hit the quokka.
The quokka is severely wounded.
The quokka barely misses you.
You miss the quokka.
The quokka is severely wounded.
The quokka bites you but does no damage.
You completely miss the quokka.
The quokka is severely wounded.
The quokka bites you but does no damage.
The quokka misses you.
You closely miss the quokka.
The quokka is severely wounded.
The quokka closely misses you.
You hit the quokka but do no damage.
The quokka is severely wounded.
The quokka barely misses you.
You hit the quokka.
You kill the quokka!
You now have 32 gold pieces (gained 11).
b - a scroll labelled UTHITH FEEMPI
Found a club.
Found a leather armour.
You see here a +0 leather armour.
You start removing your armour.
You continue taking off your +0 robe. x4
You finish taking off your +0 robe.
You start putting on your armour.
You continue putting on your +0 leather armour. x5
You finish putting on your +0 leather armour.
o - 3 datura-tipped darts {!Q}
Okay, then.
Casting: Slow (safe; 10% risk of failure)
Confirm with . or Enter, or press ? or * to list all spells.
Okay, then.
Okay, then.
Are you sure you want to abandon this character and quit the game? (Confirm with "yes".)

#.# #.# ### #.#
..# #.##### #.#
#...... #.#
######. #.# #.
#.# #. #@# #.
#.# #. #.# #. #
##.## # ### #. #
#.####...###....
..# #. #.
#...........#
#.# #.
#.##.####...##.#
#.# #. #
#..........## #
#.# #.
#.###..#..#####
#.# #.


There were no monsters in sight!

Vanquished Creatures
  A quokka (D:1)
  A frilled lizard (D:1)
2 creatures vanquished.

Notes
Turn   | Place    | Note
-------+----------+-------------------------------------------
     0 | D:1      | Hypnoxylon the Barachi Arcane Marksman began the quest for
                  | the Orb.
     0 | D:1      | Reached XP level 1. HP: 15/15 MP: 2/2
   290 | D:1      | Quit the game

Levels and vault maps discovered:
D:1:      minmay_arrival_jagged, layout_loops_ring, serial_shops, shop,
          minmay_pentomino_o4

Action                   || total
-------------------------++-------
Melee: Unarmed           ||    24
Armor: Robe              ||     4
Dodge: Dodged            ||    14
